 Dungeon Crawl Stone Soup version 0.23-a0-373-g305c090 (webtiles) character file.

113 tatocazan the Skirmisher (level 4, -2/55 HPs)
             Began as a Demonspawn Berserker on Oct 25, 2018.
             Was a Believer of Trog.
             Slain by a gnoll
             ... wielding a +0 spear
              (7 damage)
             ... on level 2 of the Dungeon.
             The game lasted 00:03:40 (2969 turns).

tatocazan the Skirmisher (Demonspawn Berserker)     Turns: 2969, Time: 00:03:40

Health: -2/55      AC:  9    Str: 22    XL:     4   Next: 65%
Magic:  4/4        EV: 12    Int:  8    God:    Trog [**....]
Gold:   78         SH:  0    Dex: 14    Spells: 3/3 levels left

rFire    . . .     SeeInvis .   a - +0 hand axe
rCold    . . .     Gourm    .   (no shield)
rNeg     . . .     Faith    .   f - +0 leather armour
rPois    .         Spirit   .   (helmet restricted)
rElec    .         Reflect  .   (no cloak)
rCorr    .         Harm     .   (no gloves)
MR       ++...                  (no boots)
Stlth    ..........             (no amulet)
HPRegen  1.18/turn              (no ring)
MPRegen  0.09/turn              (no ring)

@: berserking, sanguine armour, regenerating, very quick
A: antennae 1, sanguine armour 1
a: Berserk, Trog's Hand, Renounce Religion


You were on level 2 of the Dungeon.
You worshipped Trog.
Trog was pleased with you.
You were not hungry.

You visited 1 branch of the dungeon, and saw 2 of its levels.

You collected 78 gold pieces.

Inventory:

Hand Weapons
 a - a +0 hand axe (weapon)
Missiles
 q - 8 tomahawks (quivered)
Armour
 b - a +0 animal skin
 f - a +0 leather armour (worn)
 m - a +0 cloak
Wands
 k - a wand of flame (31)
Scrolls
 i - a scroll of teleportation {unknown}
 j - a scroll of identify {unknown}
 l - a scroll of remove curse {unknown}
 o - a scroll of blinking {unknown}
Potions
 d - a potion of degeneration {unknown}
 e - a potion of curing {unknown}
 g - a potion of invisibility {unknown}
 h - a potion of resistance {unknown}
 n - a potion of brilliance {unknown}
 p - a potion of lignification {unknown}
Comestibles
 c - 4 rations


   Skills:
 + Level 3.8 Fighting
 * Level 3.8 Axes
 - Level 2.4 Armour
 - Level 2.3 Dodging


You had 3 spell levels left.
You didn't know any spells.
Your spell library was empty.

Dungeon Overview and Level Annotations

Branches:
Dungeon (2/15)

Altars:
Cheibriados


Innate Abilities, Weirdness & Mutations

You have a pair of small antennae on your head.
When seriously injured, your bleeding wounds create armour. (AC +6)


Message History

* * * LOW HITPOINT WARNING * * *
You take 6 damage, and have 2/37 hp.
The gnoll misses you.
You eat one of the 5 rations.
That ration really hit the spot!
The gnoll misses you.
A red film seems to cover your vision as you go berserk!
You feel yourself moving faster!
You feel mighty!
You feel quite a bit more hungry.
The gnoll hits you from afar with a +0 spear.
* * * LOW HITPOINT WARNING * * *
You now have 3/55 hp.
You feel a strong urge to attack something.
There is an open door, spattered with blood here.
You slash the gnoll!
You kill the gnoll!
Trog accepts your kill. The gnoll hits you but does no damage.
You regained 2 hp, and now have 5/55 hp.
The gnoll hits you with a +0 spear!
You die...

.......>...................##.#
########.#.########.###.##..#.###
#.#.### #..##.###.#..÷.
#.#...♣♣###♣#.##§.♣.§.####
#.#.#.....#......P..#.#
#.#.##P.♣P.P....♣P§P#.# ######
#.#.#♣.P.#♣.♣♣...§♣§♣.# .....#
#.#.#♣♣P#'#♣.♣♣.♣.P...# ####.#
#.#.# ♣##@##♣..♣♣§♣♣♣.#### ####.#
#.#.# #g?.#.♣............ .....#
#.#.# ##.##.P♣♣♣♣..P..### .....#
#.#.#. #+#.......♣♣...# .....#
#.#.#.♣♣♣#.♣♣.♣♣♣...#..# .....#
#.#.#.♣.....♣.♣....##..#
.....###.#.##.♣P..♣.P.♣... ##.#
............#P♣♣♣...♣.♣♣♣ #..
...#####.####P♣♣..♣♣.P♣P #..


You could see a gnoll.

Vanquished Creatures
  2 gnolls
  4 adders (D:2)
  2 oozes
  2 worms (D:2)
  2 dart slugs (D:1)
  A leopard gecko (D:1)
  2 ball pythons (D:1)
  3 giant cockroaches (D:1)
  3 goblins (D:1)
  3 hobgoblins (D:1)
  4 kobolds
  2 quokkas (D:2)
  6 bats
  A frilled lizard (D:1)
  3 rats (D:1)
40 creatures vanquished.

Notes
Turn   | Place    | Note
-------+----------+-------------------------------------------
     0 | D:1      | tatocazan the Demonspawn Berserker began the quest for the
                  | Orb.
     0 | D:1      | Reached XP level 1. HP: 18/18 MP: 1/1
   134 | D:1      | Found a snail-covered altar of Cheibriados.
   152 | D:1      | Gained mutation: You have a pair of small antennae on your
                  | head. [demonic ancestry]
   152 | D:1      | Reached XP level 2. HP: 12/24 MP: 2/2
   913 | D:1      | Gained mutation: When seriously injured, your bleeding
                  | wounds create armour. (AC +6) [demonic ancestry]
   913 | D:1      | Reached XP level 3. HP: 14/29 MP: 3/3
  2065 | D:2      | Reached ** piety under Trog
  2095 | D:2      | Reached XP level 4. HP: 25/35 MP: 4/4
  2969 | D:2      | Slain by a gnoll

Vault maps used:
D:1:      onia_arrival_handbag, chequers_mini_garden, cheibriados_altar_1
D:2:      wad_woods_tower, first_ration, serial_curves, eino_curves_02,
          eino_curves_03

Skill      XL: |  1  2 |
---------------+-------+-----
Armour         | 2 |  2.4
Dodging        | 2 |  2.3
Axes           | 3 |  3.8
Fighting       | |  3.8

Action                   |  1- 3 |  4- 6 || total
-------------------------+-------+-------++-------
Melee: Hand axe          |   116 |    36 ||   152
Invok: Berserk           |     3 |     2 ||     5
       Trog's Hand       |       |     1 ||     1
 Stab: Sleeping          |     1 |       ||     1
  Eat: Chunk             |     5 |       ||     5
       Ration            |       |     2 ||     2
Armor: Animal skin       |     2 |       ||     2
       Leather armour    |    26 |    15 ||    41
Dodge: Dodged            |    86 |    19 ||   105

Table legend:
 A = Non-vault XP
 B = Vault XP
 C = Vault XP percentage of total XP
 D = Non-vault monster count
 E = Vault monster count
 F = Vault count percentage of total count
                 A         B        C        D         E       F
            +---------+---------+-------+---------+---------+-------
      Total |     133 |      29 |  17.9 |      33 |       7 |  17.5
            +---------+---------+-------+---------+---------+-------
        D:1 |      57 |      11 |  16.2 |      23 |       4 |  14.8
        D:2 |      76 |      18 |  19.1 |      10 |       3 |  23.1
            +---------+---------+-------+---------+---------+-------
